 Dungeon Crawl Stone Soup version 0.20.1-1-g8b1a95d (console) character file.

123 hilaritas the Slasher (level 4, -6/37 HPs)
             Began as a Draconian Skald on Dec 30, 2017.
             Was an Initiate of Okawaru.
             Mangled by a gnoll
             ... wielding a +0 halberd
              (10 damage)
             ... on level 3 of the Dungeon.
             The game lasted 00:07:20 (3201 turns).

hilaritas the Slasher (Draconian Skald)             Turns: 3201, Time: 00:07:21

Health: -6/37      AC:  5    Str: 14    XL:     4   Next: 79%
Magic:  7/7        EV:  9    Int: 14    God:    Okawaru [......]
Gold:   117        SH:  7    Dex: 10    Spells: 1/7 levels left

rFire    . . .     SeeInvis +   a - +1 falchion
rCold    . . .     Gourm    .   o - +0 shield
rNeg     . . .     Faith    .   (armour unavailable)
rPois    .         Spirit   .   (helmet restricted)
rElec    .         Reflect  .   (no cloak)
rCorr    .         Harm     .   (no gloves)
MR       .....                  (no boots)
Stlth    +.........             d - amulet of magic regeneration
Regen    0.2/turn               k - ring of see invisible
MPRegen  0.2/turn               (no ring)

@: no status effects
A: unfitting armour, cold-blooded, AC +5
a: Renounce Religion


You were on level 3 of the Dungeon.
You worshipped Okawaru.
Okawaru was noncommittal.
You were not hungry.

You visited 1 branch of the dungeon, and saw 3 of its levels.

You collected 117 gold pieces.

Inventory:

Hand Weapons
 a - a +1 falchion (weapon)
 f - a +0 dagger
 r - a +0 falchion
Armour
 o - a +0 shield (worn)
Jewellery
 d - an amulet of magic regeneration (around neck)
 k - a ring of see invisible (left hand)
Wands
 q - a wand of flame (24/48)
Scrolls
 n - a scroll of enchant weapon
 s - a scroll of teleportation
Potions
 e - 2 potions of brilliance
 i - a potion of might {unknown}
 j - 2 potions of heal wounds {unknown}
 l - a potion of lignification {unknown}
 m - a potion of resistance {unknown}
 p - a potion of degeneration {unknown}
 u - a potion of berserk rage {unknown}
Books
 b - a book of Battle

   Spells                             Type                      Level
   a - Infusion                       Charms                       1
   b - Shroud of Golubria             Charms/Translocation         2
   c - Song of Slaying                Charms                       2
   d - Spectral Weapon                Hexes/Charms                 3
   e - Regeneration                   Charms/Necromancy            3
Comestibles
 c - 3 bread rations
 g - 2 meat rations
 h - 2 royal jellies


   Skills:
 + Level 2.9 Fighting
 * Level 4.2 Long Blades
 - Level 2.6 Dodging
 * Level 0.8 Shields
 - Level 2.0 Spellcasting
 - Level 2.6 Charms


You had one spell level left.
You knew the following spells:

 Your Spells              Type           Power        Failure   Level  Hunger
a - Infusion              Chrm           #...         43%         1    ##.....
b - Shroud of Golubria    Chrm/Tloc      #.........   77%         2    ###....
c - Regeneration          Chrm/Necr      #.........   94%         3    ####...


Dungeon Overview and Level Annotations

Branches:
Dungeon (3/15)

Altars:
Fedhas
Makhleb
Nemelex Xobeh
Okawaru
Sif Muna
Uskayaw
Xom


Innate Abilities, Weirdness & Mutations

Your plain brown scales are hard. (AC +5)
You cannot fit into any form of body armour.
You are cold-blooded and may be slowed by cold attacks.


Message History

The jackal bites you but does no damage.
The goblin hits you. The goblin barely misses you.
You riposte.
You closely miss the goblin. The jackal bites you.
The gnoll closely misses you.
You hit the jackal.
You kill the jackal!
Okawaru accepts your kill. The goblin hits you.
The goblin zaps a wand.
You are blasted!
* * * LOW HITPOINT WARNING * * *
You block the gnoll's attack.
You block the goblin's attack. x2; The gnoll barely misses you.
You riposte.
You closely miss the gnoll.
You see here a jackal corpse.
You hit the gnoll but do no damage.
Your tail-slap misses the gnoll.
You block the goblin's attack. x2; The gnoll barely misses you.
You slash the gnoll!
The gnoll is heavily wounded.
The goblin closely misses you. You block the goblin's attack.
The gnoll hits you with a halberd!
You die...

#≈≈≈≈≈≈≈≈≈≈≈≈≈###.#######
#≈≈≈≈≈≈≈≈≈≈≈≈≈≈##.#
####.........≈≈≈#.#
#..........≈≈#.#
#...#####.g≈≈#.# #####
.#..≈≈#.# .'..≈≈≈(##
.#..≈≈≈.(# .#########≈≈(#
.......g.#≈≈.#
......g@g'..(#
.........'...#
.........'...#
.........#≈≈##
.#########≈≈# ≈≈## ≈≈≈#
.≈≈## ###


You could see a gnoll and 2 goblins.

Vanquished Creatures
  Terence (D:2)
  An adder (D:2)
  2 worms (D:2)
  5 dart slugs
  2 leopard geckos
  4 giant cockroaches (D:2)
  6 goblins
  2 hobgoblins
  12 jackals
  A ball python (D:2)
  12 bats
  4 frilled lizards
  11 kobolds
  7 rats
70 creatures vanquished.

Notes
Turn   | Place    | Note
-------+----------+-------------------------------------------
     0 | D:1      | hilaritas the Draconian Skald began the quest for the Orb.
     0 | D:1      | Reached XP level 1. HP: 17/17 MP: 3/3
   419 | D:1      | Reached XP level 2. HP: 23/25 MP: 5/5
   603 | D:1      | Learned a level 2 spell: Shroud of Golubria
   825 | D:1      | Reached XP level 3. HP: 30/30 MP: 6/6
  1155 | D:2      | Learned a level 3 spell: Regeneration
  1283 | D:2      | Reached skill level 3 in Long Blades
  1906 | D:2      | Noticed Terence
  1920 | D:2      | Killed Terence
  1920 | D:2      | Reached XP level 4. HP: 7/37 MP: 7/7
  1921 | D:2      | HP: 3/37 [bat (1)]
  2421 | D:2      | Reached skill level 4 in Long Blades
  2730 | D:2      | Found a hide-covered altar of Uskayaw.
  2741 | D:2      | Found an iron altar of Okawaru.
  2744 | D:2      | Found a blossoming altar of Fedhas.
  2744 | D:2      | Found a burning altar of Makhleb.
  2747 | D:2      | Found a shimmering altar of Xom.
  2748 | D:2      | Found a sparkling altar of Nemelex Xobeh.
  2753 | D:2      | Became a worshipper of Warmaster Okawaru
  2834 | D:2      | Found a deep blue altar of Sif Muna.
  3198 | D:3      | HP: 3/37 [disintegration (10)]
  3201 | D:3      | Mangled by a gnoll

Skill      XL: |  1  2  3  4 |
---------------+-------------+-----
Long Blades    | 3 4 |  4.2
Fighting       | |  2.9
Dodging        | |  2.6
Shields        | |  0.8
Spellcasting   | |  2.0
Charms         | |  2.6

Action                   |  1- 3 |  4- 6 || total
-------------------------+-------+-------++-------
Melee: Falchion          |   167 |    89 ||   256
       Tailslap          |    15 |     5 ||    20
  Use: Scroll            |     5 |     2 ||     7
 Stab: Distracted        |       |     1 ||     1
  Eat: Chunk             |     3 |     5 ||     8
Armor: Skin              |    66 |    35 ||   101
Dodge: Dodged            |   118 |    43 ||   161
Block: Shield            |    31 |    51 ||    82
       Rpst.: Falchion   |    32 |    14 ||    46
